 Dungeon Crawl Stone Soup version 0.29-a0-409-gd843f3a48c (webtiles) character file.

Game seed: 13683378584133509970

330679 Pelinal the Acrobat (level 21, -6/172 HPs)
             Began as a Merfolk Ice Elementalist on May 15, 2022.
             Was a High Priest of Ashenzari.
             Mangled by a sphinx (9 damage)
             ... while paralysed by a sphinx
             ... on level 5 of the Vaults.
             The game lasted 02:33:50 (42883 turns).

Pelinal the Acrobat (Merfolk Ice Elementalist)     Turns: 42883, Time: 02:33:51

Health: -6/172     AC: 21    Str: 10    XL:     21   Next: 75%
Magic:  0/40       EV:  2    Int: 19    God:    Ashenzari [*****.]
Gold:   3138       SH:  0    Dex: 30    Spells: 8/41 levels left

rFire   + . .      SeeInvis +   S - +9 trident of the Fated Jealousy {protect, Comp, Fort} (curse)
rCold   . . .      Faith    .   t - +2 kite shield {reflect}
rNeg    . . .      Spirit   +   x - +4 moon troll leather armour {Spirit, Regen++ MP+5, Alch, Elem} (curse)
rPois   +          Reflect  +   o - +0 helmet "Circumscribed With Me" {Fort, Evo} (curse)
rElec   .          Harm     .   Z - scarf "Chained Together" {repulsion, Evo, Elem} (curse)
rCorr   .          Rampage  .   f - +0 pair of gloves of the Circumscribed Sun {Self, Bglg} (curse)
Will    ++...      Clarity  +   F - +0 pair of boots "Thunder Perfect Mind" {Self, Fort} (curse)
Stlth   ++++++....              E - amulet "Ruined Malaise" {RegenMP, Cun, Bglg} (curse)
HPRegen 1.98/turn               X - ring of willpower
MPRegen 0.67/turn               B - ring of Ashenzari's Black Moon {Wiz rPois Int+3 Dex+8 Stlth-, Melee, Evo} (curse)

@: paralysed, mighty, wereblooded, under a protective aura, very slightly
contaminated, hasted, repel missiles
A: (nimble swimmer 2), mertail, clarity, deterioration 1, fire resistance 1
}: 2/15 runes: serpentine, barnacled
a: Renounce Religion, Shatter the Chains


You were on level 5 of the Vaults.
You worshipped Ashenzari.
Ashenzari was extremely pleased with you.
You visited 7 branches of the dungeon, and saw 37 of its levels.
You visited the Abyss 1 time.
You also visited: Sewer, Bailey and Ice Cave.

You collected 4704 gold pieces.
You spent 1566 gold pieces at shops.

Inventory:

Hand Weapons
 S - the cursed +9 trident of the Fated Jealousy (weapon) {protect, Comp, Fort}
   (You took it off a wight on level 7 of the Dungeon)

   It grants its wielder temporary protection when it strikes (+7 to AC).
   It has a curse which improves the following skills: Companions: Summonings
   and Necromancy.
   Fortitude: Armour and Shields.
Armour
 f - the cursed +0 pair of gloves of the Circumscribed Sun (worn) {Self, Bglg}
   (You found it on level 3 of the Lair of Beasts)

   It has a curse which improves the following skills: Introspection: Fighting
   and Spellcasting.
   Beguiling: Conjurations, Hexes and Translocations.
 o - the cursed +0 helmet "Circumscribed With Me" (worn) {Fort, Evo}
   (You found it on level 9 of the Dungeon)

   It has a curse which improves the following skills: Fortitude: Armour and
   Shields.
   Evocations: Evocations.
 t - a +2 kite shield of reflection (worn)
 x - the cursed +4 moon troll leather armour (worn) {Spirit, Regen++ MP+5, Alch, Elem}
   (You bought it in a shop on level 2 of the Orcish Mines)

   MP:        It affects your magic capacity (+5).
   Regen:     It increases your rate of health regeneration.
   It has a curse which improves the following skills: Alchemy: Poison Magic and
   Transmutations.
   Elements:  Fire Magic, Ice Magic, Air Magic and Earth Magic.
 F - the cursed +0 pair of boots "Thunder Perfect Mind" (worn) {Self, Fort}
   (You found it on level 6 of the Lair of Beasts)

   It has a curse which improves the following skills: Introspection: Fighting
   and Spellcasting.
   Fortitude: Armour and Shields.
 Z - the cursed scarf "Chained Together" (worn) {repulsion, Evo, Elem}
   (You found it on level 3 of the Lair of Beasts)

   It has a curse which improves the following skills: Evocations: Evocations.
   Elements:  Fire Magic, Ice Magic, Air Magic and Earth Magic.
Jewellery
 g - the ring "Uwocaim" {rF+ rN+ Str+4}
   (You found it in an ice cave)

   [ring of positive energy]

   Str:       It affects your strength (+4).
   rF:        It protects you from fire.
   rN:        It protects you from negative energy.
 j - a ring of resist corrosion
 k - the macabre finger necklace {rN+}
   (You found it on level 4 of the Shoals)

   [amulet of nothing]

   It enables you to equip an extra ring.
   rN:        It protects you from negative energy.
 B - the cursed ring of Ashenzari's Black Moon (right hand) {Wiz rPois Int+3 Dex+8 Stlth-, Melee, Evo}
   (You found it on level 6 of the Lair of Beasts)

   [ring of wizardry]

   It improves your spell success rate.
   Int:       It affects your intelligence (+3).
   Dex:       It affects your dexterity (+8).
   rPois:     It protects you from poison.
   Stlth:     It makes you less stealthy.
   It has a curse which improves the following skills: Melee Combat: Short
   Blades, Long Blades, Axes, Maces & Flails, Polearms, Staves and Unarmed
   Combat.
   Evocations: Evocations.
 E - the cursed amulet "Ruined Malaise" (around neck) {RegenMP, Cun, Bglg}
   (You found it on level 10 of the Dungeon)

   [amulet of magic regeneration]

   It increases your rate of magic regeneration.
   It has a curse which improves the following skills: Cunning: Dodging and
   Stealth.
   Beguiling: Conjurations, Hexes and Translocations.
 L - a ring of flight
 U - the ring of Juudduxo {rPois Str+6 Int-3 Dex+6 Stlth+}
   (You found it on level 1 of the Lair of Beasts)

   [ring of strength]

   Str:       It affects your strength (+6).
   Int:       It affects your intelligence (-3).
   Dex:       It affects your dexterity (+6).
   rPois:     It protects you from poison.
   Stlth:     It makes you more stealthy.
 W - a ring of magical power
 X - a ring of willpower (left hand)
Wands
 a - a wand of iceblast (15)
 c - a wand of polymorph (15)
 i - a wand of mindburst (24)
 A - a wand of charming (15)
 P - a wand of flame (50)
 R - a wand of acid (9)
 T - a wand of digging (6)
 V - a wand of paralysis (10)
Scrolls
 u - a scroll of silence
 y - 12 scrolls of vulnerability
 D - 11 scrolls of teleportation
 G - 9 scrolls of fog
 I - 3 scrolls of enchant weapon
 K - 3 scrolls of blinking
 M - 5 scrolls of magic mapping
 Y - 4 scrolls of amnesia
Potions
 d - 10 potions of curing
 e - 2 potions of resistance
 h - 11 potions of flight
 l - 4 potions of magic
 m - 10 potions of mutation
 q - 2 potions of invisibility
 s - 10 potions of brilliance
 v - a potion of ambrosia
 z - 10 potions of heal wounds
 C - 5 potions of attraction
 H - 2 potions of haste
 J - 3 potions of cancellation
 O - 2 potions of might
Miscellaneous
 b - a piece from Xom's chessboard (15/15)
 n - a condenser vane
 N - a phial of floods
 Q - a lightning rod (4/4)


   Skills:
 - Level 13.2(16.6) Fighting
 - Level 12.8(15.0) Polearms
 - Level 5.2(9.5) Armour
 - Level 21.0(23.0) Dodging
 - Level 12.7(15.0) Stealth
 + Level 16.7(21.1) Shields
 - Level 7.0(10.5) Spellcasting
 - Level 7.5(11.0) Conjurations
 - Level 6.0(8.3) Summonings
 - Level 7.6(10.0) Necromancy
 - Level 2.3(5.0) Translocations
 - Level 11.8(14.0) Transmutations
 - Level 14.0(17.4) Ice Magic
 - Level 6.6(10.1) Earth Magic
 - Level 8.4(10.8) Poison Magic
 - Level 10.5(15.0) Evocations


You had 8 spell levels left.
You knew the following spells:

 Your Spells              Type           Power      Damage    Failure   Level
a - Freeze                Ice            100%       1d11      0%          1
b - Frozen Ramparts       Ice            100%       1d12      1%          3
c - Ozocubu's Armour      Ice            66%        N/A       1%          3
d - Ensorcelled Hibernat  Hex/Ice        88%        N/A       1%          2
e - Summon Ice Beast      Ice/Summ       56%        N/A       1%          4
f - Borgnjor's Vile Clut  Necr/Erth      24%        N/A       2%          5
g - Eringya's Noxious Bo  Tmut/Pois      27%        N/A       4%          6
i - Irradiate             Conj/Tmut      27%        3d22      1%          5
z - Wereblood             Tmut           59%        N/A       1%          2
F - Blink                 Tloc           58%        N/A       1%          2

Your spell library contained the following spells:

 Spells                   Type           Power      Damage    Failure   Level
 Magic Dart               Conj           100%       1d8       1%          1
 Shock                    Conj/Air       100%       1d9       1%          1
 Sting                    Tmut/Pois      100%       1d8       1%          1
 Call Imp                 Summ           41%        N/A       1%          2
 Corpse Rot               Necr/Air       60%        N/A       1%          2
 Passwall                 Tmut/Erth      45%        N/A       1%          2
 Poisonous Vapours        Pois/Air       62%        N/A       1%          2
 Searing Ray              Conj           100%       2d8       1%          2
 Static Discharge         Conj/Air       31%        N/A       1%          2
 Sublimation of Blood     Necr           48%        N/A       1%          2
 Dazzling Flash           Conj/Hex       62%        N/A       1%          3
 Mephitic Cloud           Conj/Pois/Air  38%        N/A       1%          3
 Spider Form              Tmut/Pois      55%        N/A       1%          3
 Dispel Undead            Necr           48%        3d18      1%          4
 Hailstorm                Conj/Ice       59%        3d13      1%          4
 Ice Form                 Ice/Tmut       63%        N/A       1%          4
 Iskenderun's Mystic Bla  Conj/Tloc      40%        2d9       1%          4
 Olgreb's Toxic Radiance  Pois           50%        N/A       1%          4
 Petrify                  Tmut/Erth      54%        N/A       1%          4
 Alistair's Intoxication  Tmut/Pois      36%        N/A       1%          5
 Iskenderun's Battlesphe  Conj           51%        2d10      1%          5
 Agony                    Necr           48%        N/A       2%          5
 Fulminant Prism          Conj/Hex       15%        3d11      4%          4
 Sticky Flame             Conj/Fire      31%        2d5       4%          4
 Anguish                  Hex/Necr       15%        N/A       6%          4
 Swiftness                Air            11%        N/A       12%         3
 Fireball                 Conj/Fire      15%        3d8       12%         5
 Death Channel            Necr           24%        N/A       12%         6
 Manifold Assault         Tloc           29%        N/A       16%         5
 Airstrike                Air            5%         N/A       34%         4
 Orb of Destruction       Conj           25%        9d9       38%         7
 Conjure Ball Lightning   Conj/Air       15%        3x3d6     52%         6
 Starburst                Conj/Fire      15%        6d6       52%         6
 Silence                  Hex/Air        5%         N/A       69%         5
 Summon Hydra             Summ           20%        N/A       75%         7
 Storm Form               Tmut/Air       18%        N/A       87%         7


Dungeon Overview and Level Annotations

Branches:
Dungeon (15/15)            Temple (1/1) D:6            Lair (6/6) D:11
 Shoals (4/4) Lair:3        Snake (4/4) Lair:2        Slime (0/5) Lair:6
    Orc (2/2) D:9             Elf (0/3) Orc:2        Vaults (5/5) D:13
  Crypt (0/3) Vaults:3     Depths (0/4) D:15          Sewer (visited)
 Bailey (visited)           IceCv (visited)

Altars:
Ashenzari
Cheibriados
Dithmenos
Elyvilon
Fedhas
Gozag
Hepliaklqana
Kikubaaqudgha
Makhleb
Nemelex Xobeh
Okawaru
Qazlal
Ru
Sif Muna
Trog
Uskayaw
Vehumet
Wu Jian
Xom
Yredelemnul
Zin
The Shining One
Beogh
Jiyva

Shops:
D:1 ?   D:10 (   Orc:2 =*[:   Vaults:1 (   Vaults:3 (

Portals:
Abyss: D:5

Annotations:
D:3 1 runed translucent door, exclusion: door, happo123's ghost, amateur GrEE
D:5 2 transporters, Gelos's ghost, novice VSFi
D:11 2 exclusions
D:15 2 runed translucent doors, exclusion: fire giant
Lair:5 exclusions: 3 hogs and 1 more exclusion, Kirke


Innate Abilities, Weirdness & Mutations

((You are very nimble when in or above water. (Stealth+, EV+, Speed+++)))
Your lower body shifts to a powerful aquatic tail in water.
You possess an exceptional clarity of mind.
Your body sometimes deteriorates upon taking damage.
Your flesh is heat resistant. (rF+)


Message History

You puncture the orc!
You feel a bit better.
You kill the orc!
You howl as the wereblood boils in your veins!
You block the sphinx's attack. The sphinx hits you but does no damage.
The sphinx closely misses you.
Unknown command.
You puncture the deep elf annihilator!
The deep elf annihilator is severely wounded.
You block the sphinx's attack. The sphinx hits you.
You block the sphinx's attack.
You block the deep elf annihilator's attack.
The ironbound convoker misses you.
You barely miss the deep elf annihilator.
The deep elf annihilator is severely wounded.
The sphinx casts a spell.
You suddenly lose the ability to move!
The sphinx hits you! The sphinx hits you. x2
The phantasmal warrior gestures at you.
The phantasmal warrior blinks!
The deep elf annihilator gestures wildly while chanting.
The deep elf annihilator blinks!
The ironbound convoker hits you with a +0 great mace!
The sphinx hits you!!
* * * LOW HITPOINT WARNING * * *
The sphinx hits you!
* * * LOW HITPOINT WARNING * * *
The sphinx hits you.
* * * LOW HITPOINT WARNING * * *
The sphinx hits you.
* * * LOW HITPOINT WARNING * * *
The sphinx hits you!
* * * LOW HITPOINT WARNING * * *
The sphinx hits you but does no damage.
The ironbound convoker hits you but does no damage.
The sphinx hits you but does no damage. The sphinx hits you!
* * * LOW HITPOINT WARNING * * *
The sphinx hits you but does no damage. The sphinx hits you!
* * * LOW HITPOINT WARNING * * *
The sphinx hits you but does no damage. The sphinx hits you!
You die...

***,, ** , , * * ##, #....#,,
#,## * * ** * *##.# #..pp# ,.
.#.*, ,* , , ,* #C#p##....#,..
#.* * {#.#.#.#.#.* #.#.#....#..#
.#)#?#.#.#.#.#.#.#.#,#........p#*
#######################........##
...........)).)H.)....e...<<..T..
..(...p...))).)H@).......<..<...p
..).......))†)))pW........<<.....
..........).)).................p.
#######################........##
.{{H{.............{.....{......p.
.{ ,*{* .#.#.#..#.#.#{..#{...#T..
..{,,{ , , , , ,, ....#.{..#...
..#. ,, , * ,, {#...#..pp# ##
..... {, {{, , ......#....#, ,


You could see 2 sphinxes, a deep elf annihilator, a phantasmal warrior (strong)
and an ironbound convoker.

Vanquished Creatures
  Vashnia (Snake:4)
  A shard shrike zombie (Abyss:2)
  A tentacled monstrosity (Vaults:5)
  Rupert (Lair:4)
  A quicksilver dragon (Vaults:5)
  Polyphemus (Shoals:2)
  A titan (Vaults:5)
  An Executioner (Abyss:2)
  3 sphinxes
  The ghost of Urgle the Tortoise, an adept DsBe of Trog (Vaults:1)
  7 tengu reavers
  4 storm dragons
  Donald (Vaults:3)
  Ilsuiw (Shoals:2)
  2 azure jellies (IceCv)
  A draconian knight (Abyss:2)
  8 nagarajas (Snake:4)
  5 frost giants
  An orc warlord (Vaults:2)
  A deep elf sorcerer (Vaults:2)
  The ghost of avis the Severer, a journeyman HOMo of Beogh (Orc:1)
  Aizul (Snake:2)
  8 vault wardens
  Louise (Shoals:2)
  18 ironbound preservers
  A stone giant (Vaults:2)
  2 war gargoyles
  3 very ugly things (Vaults:3)
  7 ironbound thunderhulks
  A deep elf demonologist (Vaults:5)
  A deep elf annihilator (Vaults:4)
  A lorocyproca (Abyss:2)
  15 dire elephants
  4 ettins
  5 crystal guardians
  5 merfolk javelineers
  Fannar (D:12)
  6 merfolk impalers
  8 yaktaur captains
  4 great orbs of eyes
  33 vault guards
  5 salamander tyrants
  2 rakshasas
  5 hydras
  5 merfolk aquamancers
  5 peacekeepers
  3 boulder beetles
  An anaconda (shapeshifter) (Vaults:2)
  6 ogre magi
  A catoblepas (D:13)
  10 ironbound frosthearts
  5 anacondas
  12 centaur warriors
  23 two-headed ogres
  The ghost of sirJeffrey23 the Cleaver, a novice HOMo of Beogh (D:8)
  3 satyrs
  10 naga warriors
  4 merfolk avatars
  A vampire mage (Vaults:2)
  2 death yaks (Shoals:2)
  2 tengu warriors
  16 naga sharpshooters
  6 shock serpents
  Nergalle (D:10)
  2 salamander mystics
  56 deep trolls
  2 starcursed masses (Abyss:2)
  8 sea snakes
  3 naga ritualists
  A swamp dragon (Vaults:2)
  13 ironbound convokers
  9 wizards
  15 harpies
  6 deep elf pyromancers
  3 mana vipers
  A shadow dragon zombie (Vaults:4)
  3 phantasmal warriors
  5 lindwurms
  A fire giant zombie (Vaults:4)
  A necromancer (Vaults:4)
  11 fauns
  31 ugly things
  2 oklob plants (D:11)
  A human zombie (Vaults:4)
  A moth of wrath (Vaults:2)
  10 cyclopes
  11 manticores
  A shining eye (shapeshifter) (Vaults:2)
  17 salamanders
  A will-o-the-wisp (Abyss:2)
  Joseph (D:7)
  2 ice statues (IceCv)
  10 guardian serpents
  40 black mambas
  2 water nymphs (Shoals:2)
  10 merfolk sirens
  4 elephants (Lair:6)
  9 naga magi
  22 vault sentinels
  3 gargoyles
  A torpor snail (Lair:6)
  A guardian serpent (shapeshifter) (D:15)
  4 unseen horrors
  16 cane toads
  A yaktaur (shapeshifter) (Vaults:5)
  3 rime drakes
  An ice devil (Abyss:2)
  5 yaktaurs
  2 kobold demonologists (D:14)
  An efreet (D:13)
  6 komodo dragons
  An entropy weaver simulacrum (IceCv)
  28 merfolk
  A meliai (shapeshifter) (D:11)
  3 trolls
  6 wind drakes
  2 meliai
  3 polar bears
  A tarantella (shapeshifter) (D:13)
  3 hornets
  A blink frog (shapeshifter) (D:15)
  56 slime creatures
  18 dream sheep
  9 blink frogs
  A stone giant simulacrum (Vaults:4)
  10 snapping turtles
  3 large abominations (Abyss:2)
  An ettin skeleton (Vaults:4)
  3 shadows
  13 water elementals
  3 wyverns
  4 wraiths
  32 yaks
  A chaos spawn (Abyss:2)
  4 basilisks
  A neqoxec (Abyss:2)
  5 steam dragons
  Grum (D:11)
  7 vampire mosquitoes
  2 death yak simulacra (Orc:1)
  2 wargs
  41 nagas
  3 acid dragons
  A demonic crawler simulacrum (IceCv)
  16 water moccasins
  34 orc warriors
  Pargi (Sewer)
  4 ice beasts
  4 sky beasts
  2 ugly thing simulacra (IceCv)
  A small abomination (Abyss:2)
  5 boggarts (Vaults:1)
  8 wolves
  29 ogres
  14 centaurs
  3 phantoms
  2 kobold brigands
  14 bullfrogs
  3 necrophages
  A two-headed ogre simulacrum (Orc:1)
  2 scorpions (D:5)
  4 glowing shapeshifter simulacra (IceCv)
  7 wights
  A killer bee (D:11)
  6 electric eels
  4 howler monkeys
  A quasit (Abyss:2)
  A gnoll shaman (D:9)
  22 orc priests
  2 hounds
  3 jellies
  An iguana (D:7)
  26 orc wizards
  3 spriggan simulacra (Orc:1)
  A polar bear simulacrum (Orc:1)
  A wolf simulacrum (Orc:1)
  10 gnolls
  8 adders
  A shadow imp (D:8)
  6 white imps
  2 ufetubi (D:6)
  A worm (D:4)
  3 dart slugs
  118 orcs
  10 endoplasms
  7 giant cockroaches
  5 hobgoblins
  9 jackals
  7 quokkas
  2 ball pythons
  4 bats
  5 frilled lizards
  10 goblins
  17 kobolds
  2 rats
1380 creatures vanquished.

Vanquished Creatures (collateral kills)
  An ogre mage (Orc:2)
  An ugly thing (D:14)
  An ancient zyme (Shoals:2)
  4 orcs (Orc:1)
  A goblin (D:1)
  A hobgoblin (D:1)
9 creatures vanquished.

Vanquished Creatures (others)
  2 merfolk impalers
  A naga sharpshooter (Snake:4)
  An ugly thing (Vaults:2)
  A manticore (Shoals:2)
  A black mamba (Snake:2)
  A slime creature (IceCv)
  A small abomination (Shoals:2)
  A quokka (D:7)
  4 foxfires (Abyss:2)
  10 fungi
  106 plants
  5 toadstools (D:5)
134 creatures vanquished.

Grand Total: 1523 creatures vanquished

Notes
Turn   | Place    | Note
-------+----------+-------------------------------------------
     0 | D:1      | Pelinal the Merfolk Ice Elementalist began the quest for
                  | the Orb.
     0 | D:1      | Reached XP level 1. HP: 13/13 MP: 3/3
   589 | D:1      | Found Qanniwe's Magic Scroll Shop.
   597 | D:1      | Reached XP level 2. HP: 10/19 MP: 1/5
   604 | D:1      | Reached skill level 3 in Dodging
  1166 | D:1      | Reached XP level 3. HP: 24/24 MP: 6/6
  1394 | D:1      | Learned a level 3 spell: Frozen Ramparts
  1605 | D:2      | Found a snail-covered altar of Cheibriados.
  1650 | D:2      | Reached skill level 5 in Ice Magic
  2226 | D:2      | Found a faded altar of an unknown god.
  2483 | D:3      | Reached XP level 4. HP: 27/30 MP: 3/7
  3047 | D:3      | Found a runed translucent door.
  3047 | D:3      | Noticed happo123's ghost (amateur GrEE)
  3071 | D:3      | Reached XP level 5. HP: 5/35 MP: 2/8
  4168 | D:4      | Reached XP level 6. HP: 33/41 MP: 9/9
  4193 | D:4      | Learned a level 3 spell: Ozocubu's Armour
  4198 | D:4      | Learned a level 2 spell: Ensorcelled Hibernation
  4600 | D:5      | Entered Level 5 of the Dungeon
  4634 | D:5      | Found a glowing drain.
  4647 | Sewer    | Entered a sewer
  4657 | Sewer    | Noticed Pargi
  4711 | Sewer    | Killed Pargi
  4905 | D:5      | Reached skill level 1 in Shields
  4905 | D:5      | Reached XP level 7. HP: 23/44 MP: 0/10
  5104 | D:5      | Found a transporter.
  5153 | D:5      | Found a transporter.
  5173 | D:5      | Reached skill level 5 in Stealth
  5398 | D:5      | Noticed a wyvern
  5409 | D:5      | Reached XP level 8. HP: 24/52 MP: 2/11
  5410 | D:5      | Killed a wyvern
  5605 | D:5      | Found a one-way gate to the infinite horrors of the Abyss.
  5605 | D:5      | Noticed Gelos's ghost (novice VSFi)
  5915 | D:6      | Found a staircase to the Ecumenical Temple.
  6001 | D:6      | Reached skill level 5 in Shields
  6135 | D:6      | Reached skill level 4 in Dodging
  6292 | D:6      | Found a shimmering blue altar of Sif Muna.
  6390 | Temple   | Entered the Ecumenical Temple
  6691 | Temple   | Became a worshipper of Ashenzari the Shackled
  6789 | D:6      | Reached skill level 5 in Dodging
  6789 | D:6      | Reached XP level 9. HP: 57/57 MP: 5/12
  7177 | D:6      | Reached skill level 5 in Polearms
  7434 | D:7      | Reached skill level 6 in Dodging
  7437 | D:7      | Found a white marble altar of Elyvilon.
  7619 | D:7      | Found a flagged portal.
  7690 | Bailey   | Entered a bailey
  7754 | Bailey   | Reached skill level 7 in Dodging
  8252 | Bailey   | Reached skill level 8 in Dodging
  8609 | Bailey   | Reached skill level 9 in Dodging
  8609 | Bailey   | Reached XP level 10. HP: 63/63 MP: 9/13
  8717 | Bailey   | Identified the +1 leather armour of Past Mistakes {Harm}
  9044 | D:7      | Reached * piety under Ashenzari
  9172 | D:7      | Noticed Joseph
  9226 | D:7      | Killed Joseph
  9227 | D:7      | Reached skill level 10 in Dodging
  9336 | D:7      | Reached skill level 10 in Polearms
 10162 | D:8      | Found a runed translucent gate.
 10162 | D:8      | Found a runed translucent gate.
 10163 | D:8      | Found a runed translucent gate.
 10163 | D:8      | Noticed sirJeffrey23's ghost (novice HOMo)
 10163 | D:8      | Noticed a brown ugly thing
 10169 | D:8      | Noticed a tengu warrior
 10336 | D:8      | Reached skill level 11 in Dodging
 10814 | D:8      | Learned a level 4 spell: Ice Form
 10814 | D:8      | Reached ** piety under Ashenzari
 10860 | D:8      | Noticed an unseen horror
 11296 | D:9      | Found a staircase to the Orcish Mines.
 11307 | D:9      | Reached skill level 12 in Dodging
 11314 | D:9      | Reached XP level 11. HP: 68/68 MP: 8/14
 12006 | D:10     | Entered Level 10 of the Dungeon
 12178 | D:10     | Reached skill level 13 in Dodging
 12246 | D:10     | Noticed Nergalle
 12271 | D:10     | Reached skill level 1 in Summonings
 12276 | D:10     | Killed Nergalle
 12367 | D:10     | Learned a level 4 spell: Summon Ice Beast
 12542 | D:10     | Found Zineetew's Weapon Shop.
 12780 | D:11     | Noticed an oklob plant
 12789 | D:11     | Noticed an oklob plant
 12839 | D:11     | Noticed a two-headed ogre
 12857 | D:11     | Found a staircase to the Lair.
 12882 | D:11     | Killed an oklob plant
 12883 | D:11     | Reached skill level 5 in Summonings
 12932 | D:11     | Killed an oklob plant
 13061 | Lair:1   | Entered Level 1 of the Lair of Beasts
 13593 | Lair:1   | Identified the ring of Juudduxo {rPois Str+6 Int-3 Dex+6
                  | Stlth+}
 13799 | Lair:2   | Reached skill level 5 in Fighting
 13886 | Lair:2   | Found a staircase to the Snake Pit.
 14016 | Lair:2   | Reached *** piety under Ashenzari
 14029 | Lair:2   | Reached XP level 12. HP: 93/93 MP: 17/17
 14222 | Lair:2   | Reached skill level 10 in Fighting
 14288 | Lair:2   | Found the +8 whip "Snakebite" {venom, curare, rPois}
 14763 | Lair:3   | Found a staircase to the Shoals.
 15065 | Lair:3   | Reached **** piety under Ashenzari
 15392 | Lair:3   | Noticed a six-headed hydra
 15408 | Lair:3   | Killed a six-headed hydra
 15677 | Lair:4   | Reached skill level 1 in Evocations
 15994 | Lair:4   | Reached skill level 5 in Evocations
 16174 | Lair:4   | Noticed Rupert
 16242 | Lair:4   | Paralysed by Rupert for 5 turns
 16257 | Lair:4   | Killed Rupert
 16258 | Lair:4   | Reached XP level 13. HP: 115/117 MP: 16/19
 17118 | Lair:5   | Noticed Kirke
 17155 | Lair:6   | Entered Level 6 of the Lair of Beasts
 17505 | Lair:6   | Reached skill level 5 in Armour
 17565 | Lair:6   | Found a viscous altar of Jiyva.
 17565 | Lair:6   | Found a staircase to the Slime Pits.
 17765 | Lair:6   | Identified the ring of Bimpoaf {Wiz rPois Int+3 Dex+8
                  | Stlth-}
 17808 | Lair:6   | Identified the +2 trident "Uskyocw" {protect, Will- Int+5}
 17963 | Lair:6   | Reached skill level 10 in Shields
 18045 | Lair:6   | Reached skill level 14 in Dodging
 18063 | Lair:6   | Reached XP level 14. HP: 125/125 MP: 20/20
 18578 | Lair:6   | Identified the cursed +0 pair of boots "Thunder Perfect
                  | Mind" {Self, Fort} (You found it on level 6 of the Lair of
                  | Beasts)
 18984 | D:11     | Noticed Grum
 19009 | D:11     | Killed Grum
 19565 | D:12     | Reached skill level 15 in Dodging
 19816 | D:12     | Noticed Fannar
 19846 | D:12     | Killed Fannar
 20283 | D:12     | Found an ornate altar of the Wu Jian Council.
 20476 | Orc:1    | Entered Level 1 of the Orcish Mines
 20490 | Orc:1    | Found a frozen archway.
 20546 | IceCv    | Entered an ice cave
 21048 | IceCv    | Reached skill level 16 in Dodging
 21327 | IceCv    | Found a viscous altar of Jiyva.
 21327 | IceCv    | Noticed an azure jelly
 21338 | IceCv    | Killed an azure jelly
 21340 | IceCv    | Noticed an azure jelly
 21353 | IceCv    | Killed an azure jelly
 21355 | IceCv    | Identified Ibiocux's Papyrus of Reason
 21355 | IceCv    | Identified the ring "Uwocaim" {rF+ rN+ Str+4}
 21699 | Orc:2    | Entered Level 2 of the Orcish Mines
 21699 | Orc:2    | Found a staircase to the Elven Halls.
 21990 | Orc:2    | Reached skill level 1 in Necromancy
 21990 | Orc:2    | Reached skill level 1 in Earth Magic
 22027 | Orc:2    | Reached XP level 15. HP: 134/134 MP: 3/22
 22037 | Orc:2    | Paralysed by an ogre mage for 2 turns
 22159 | Orc:2    | Found Hyurraku's Assorted Antiques.
 22159 | Orc:2    | Found Asadeoh's Jewellery Emporium.
 22160 | Orc:2    | Found Ciumecho's Book Shoppe.
 22160 | Orc:2    | Found Orarricw's Armour Shop.
 22170 | Orc:2    | Bought a scroll labelled RADGHE ADIWI for 28 gold pieces
 22170 | Orc:2    | Bought a runed ivory wand for 112 gold pieces
 22219 | Orc:2    | Acquired 592 gold pieces
 22236 | Orc:2    | Bought the +4 moon troll leather armour {Spirit, Regen++
                  | MP+5} for 763 gold pieces
 22236 | Orc:2    | Found the +4 moon troll leather armour {Spirit, Regen++
                  | MP+5}
 22327 | Orc:2    | Bought a book of Alchemy for 392 gold pieces
 23126 | Orc:1    | Reached ***** piety under Ashenzari
 23221 | Orc:1    | Found a transporter.
 23221 | Orc:1    | Identified the +12 giant club of Vanity {drain, Fragile
                  | rPois Int+6 Stlth+}
 23225 | Orc:1    | Found a transporter.
 23226 | Orc:1    | Noticed avis's ghost (journeyman HOMo)
 23471 | Orc:1    | Killed avis's ghost
 23472 | Orc:1    | Reached skill level 5 in Earth Magic
 23474 | Orc:1    | Reached skill level 5 in Necromancy
 23493 | Orc:1    | Learned a level 5 spell: Borgnjor's Vile Clutch
 23812 | D:13     | Found a gate to the Vaults.
 25302 | D:14     | Learned a level 6 spell: Eringya's Noxious Bog
 25334 | D:14     | Reached skill level 1 in Transmutations
 25406 | D:14     | Reached skill level 1 in Poison Magic
 25827 | D:14     | Reached XP level 16. HP: 143/143 MP: 24/24
 25874 | D:14     | Found a sparkling altar of Nemelex Xobeh.
 25964 | D:14     | Learned a level 2 spell: Wereblood
 26047 | D:15     | Entered Level 15 of the Dungeon
 26475 | D:15     | Found a staircase to the Depths.
 26501 | D:15     | Found a runed translucent door.
 26502 | D:15     | Found a runed translucent door.
 26506 | D:15     | Noticed a tengu reaver
 26793 | Snake:1  | Entered Level 1 of the Snake Pit
 26949 | D:8      | Reached skill level 5 in Transmutations
 26965 | D:8      | Killed sirJeffrey23's ghost
 27473 | Snake:1  | Reached skill level 5 in Poison Magic
 27996 | Shoals:1 | Entered Level 1 of the Shoals
 28326 | Shoals:1 | Reached skill level 5 in Spellcasting
 29160 | Shoals:2 | Noticed Louise
 29166 | Shoals:2 | Identified the +6 spear of Beogh's Hatred {drain, Contam
                  | rC+ Str+6}
 29172 | Shoals:2 | Cast into level 2 of the Abyss (Louise)
 29172 | Abyss:2  | Noticed an Executioner
 29599 | Abyss:2  | Noticed an Executioner
 29602 | Abyss:2  | Gained mutation: Armour fits poorly on your strangely
                  | shaped body. [a neqoxec]
 29613 | Abyss:2  | Killed an Executioner
 29851 | Shoals:2 | Escaped the Abyss
 29865 | Shoals:2 | Killed Louise
 30132 | Shoals:2 | Identified the +4 ring mail of the Game of Kings {Rampage
                  | rF- rCorr Dex+5}
 30138 | Shoals:2 | Noticed Ilsuiw
 30182 | Shoals:4 | Entered Level 4 of the Shoals
 30182 | Shoals:4 | Identified the +3 ring mail "Hawoikot" {*Corrode +Blink
                  | rElec}
 30223 | Shoals:4 | Reached XP level 17. HP: 137/147 MP: 28/31
 30424 | Shoals:4 | Found the macabre finger necklace {rN+}
 30509 | Shoals:4 | Reached skill level 10 in Transmutations
 30525 | Shoals:4 | Learned a level 5 spell: Irradiate
 30713 | Shoals:4 | Reached skill level 1 in Conjurations
 30758 | Shoals:4 | Got a barnacled rune of Zot
 30903 | Shoals:4 | Identified the +1 spear of Filyin {venom, rPois Will+
                  | Int+3}
 31406 | Shoals:2 | Killed Ilsuiw
 31931 | Shoals:2 | Reached skill level 5 in Conjurations
 31967 | Shoals:2 | Noticed Polyphemus
 31986 | Shoals:2 | Killed Polyphemus
 32350 | Snake:2  | Found a broken altar of Ashenzari.
 32350 | Snake:2  | Noticed Aizul
 32386 | Snake:2  | Killed Aizul
 33217 | Snake:3  | Reached XP level 18. HP: 156/156 MP: 33/33
 33780 | Snake:3  | Reached skill level 17 in Dodging
 34210 | Snake:4  | Entered Level 4 of the Snake Pit
 34391 | Snake:4  | Reached skill level 18 in Dodging
 34508 | Snake:4  | Noticed Vashnia
 34566 | Snake:4  | Killed Vashnia
 34829 | Snake:4  | Reached skill level 19 in Dodging
 35144 | Snake:4  | Reached skill level 20 in Dodging
 35202 | Snake:4  | Got a serpentine rune of Zot
 35787 | D:1      | Bought a scroll of fear for 45 gold pieces
 35787 | D:1      | Bought a scroll of immolation for 45 gold pieces
 35787 | D:1      | Bought a scroll of enchant weapon for 97 gold pieces
 35787 | D:1      | Bought a scroll of teleportation for 39 gold pieces
 35787 | D:1      | Bought a scroll of amnesia for 45 gold pieces
 35860 | D:6      | Lost mutation: Armour fits poorly on your strangely shaped
                  | body. [potion of mutation]
 35860 | D:6      | Gained mutation: Your flesh is heat resistant. (rF+)
                  | [potion of mutation]
 35860 | D:6      | Gained mutation: Your body sometimes deteriorates upon
                  | taking damage. [potion of mutation]
 35860 | D:6      | Gained mutation: You possess an exceptional clarity of
                  | mind. [potion of mutation]
 36047 | Vaults:1 | Entered Level 1 of the Vaults
 36151 | Vaults:1 | Reached skill level 21 in Dodging
 36372 | Vaults:1 | Found a runed translucent door.
 36372 | Vaults:1 | Noticed Urgle's ghost (adept DsBe)
 36497 | Vaults:1 | Killed Urgle's ghost
 36623 | Vaults:1 | Reached XP level 19. HP: 157/162 MP: 26/34
 36933 | Vaults:1 | Found Vaul's Antique Weapon Shop.
 37030 | Vaults:1 | Reached skill level 10 in Stealth
 38384 | Vaults:2 | Identified the +1 falchion "Newtbane" {flame, rC+ rN++}
 38487 | Vaults:2 | Reached skill level 10 in Evocations
 38526 | Vaults:2 | Reached XP level 20. HP: 166/166 MP: 21/34
 38603 | Vaults:2 | Learned a level 2 spell: Blink
 38759 | Vaults:3 | Noticed Donald
 39029 | Vaults:3 | Killed Donald
 39055 | Vaults:3 | Reached skill level 10 in Ice Magic
 39372 | Vaults:3 | Found a basalt altar of Yredelemnul.
 39384 | Vaults:3 | Found a staircase to the Crypt.
 39385 | Vaults:3 | Found an ancient bone altar of Kikubaaqudgha.
 39667 | Vaults:3 | Found Joenire's Weapon Emporium.
 40784 | Vaults:4 | Reached skill level 1 in Translocations
 41336 | Vaults:4 | Reached XP level 21. HP: 173/176 MP: 36/36
 41726 | Vaults:4 | Paralysed by a great orb of eyes for 3 turns
 42644 | Vaults:5 | Entered Level 5 of the Vaults
 42671 | Vaults:5 | Reached skill level 15 in Shields
 42881 | Vaults:5 | Paralysed by a sphinx for 2 turns
 42883 | Vaults:5 | HP: 3/172 [sphinx (13)]
 42883 | Vaults:5 | Mangled by a sphinx

Illustrated notes

Levels and vault maps discovered:
D:1:      minmay_arrival_jagged, layout_basic, serial_shops, shop
D:2:      layout_basic, basic_altar, ebering_ecumenical_altar_sacrificial
D:3:      layout_loops_corners, gammafunk_ghost_grave
D:4:      layout_loops_ring
D:5:      layout_cave_pools, portal_sewer_entry_f,
          gammafunk_ghost_abyssal_escape, minmay_gold_behind_fungi
D:6:      layout_layer_cave, mainiacjoe_overflow_alcove_4,
          minmay_temple_entry_waves
D:7:      layout_layer_cave, elyvilon_altar_4, enter_bailey_4,
          chequers_hall_statues_wall_a, uniq_joseph
D:8:      layout_loops_ring, gammafunk_ghost_split, minmay_misc_feat_x
D:9:      layout_irregular_city, david_orc_5
D:10:     layout_long_grid, serial_shops,
          nicolae_shop_temple_entry_statues_fountains,
          kennysheep_generic_room_4, uniq_nergalle
D:11:     kennysheep_spiral_hall, layout_small_grid, dpeg_oklobed_lair,
          st_stairs_1, uniq_grum
D:12:     layout_loops_cross, nzn_wu_jian_council_hall, uniq_fannar
D:13:     minmay_recursive_quarters, layout_loops_cross, special_room
          [special_room_orc]
D:14:     layout_stronghold, nemelex_lonely_heart_becter,
          nicolae_lava_and_water, minmay_misc_feat_tower, kennysheep_four_rooms
D:15:     grunt_enter_depths_giant_problem, layout_basic,
          muffindrake_ghost_dual_entry, enter_trove_6, minmay_quadrilaterals
Temple:   mainiacjoe_temple_cubbyholes
Lair:1:   layout_regular_city, chequers_serial_rivers_micro_c,
          infiniplex_staircase_pool
Lair:2:   minmay_guarded_unrand_snakebite, layout_hall_layers,
          guppyfry_snake_entry_garden, st_stairs_8, grunt_megastairs_1
Lair:3:   layout_cave_pods, shoals_dummy_entry, nicolae_quartered_pool_medium
Lair:4:   layout_hall_layers, uniq_rupert
Lair:5:   layout_gridlike, grunt_megastairs_3, infiniplex_staircase_pool_2,
          uniq_kirke
Lair:6:   gammafunk_lair_ancient_temple, layout_concentric_octagons,
          slime_altar_1, nicolae_lair_grove_arrangements, serial_bayou_lagoon_b
Shoals:1: layout_shoals
Shoals:2: layout_shoals, nicolae_shoals_mertower, uniq_louise, uniq_polyphemus,
          uniq_ilsuiw
Shoals:3: layout_shoals
Shoals:4: shoals_end_grunt_ice, layout_shoals
Snake:1:  layout_honeycomb
Snake:2:  layout_misc_corridors, basic_altar, uniq_aizul
Snake:3:  layout_chambers
Snake:4:  grunt_snake_rune_spirals, layout_onion, uniq_vashnia
Orc:1:    layout_caves, gammafunk_ghost_smash,
          portal_ice_cave_entry_ice_simulacra
Orc:2:    st_orc_ogre_mass, layout_diamond_mine, basic_altar,
          nicolae_orc_sculptors_studio
Vaults:1: gammafunk_ghost_grave, v_alt_pattern_1, grunt_vaults_hallway_short,
          nicolae_vaults_little_squares_3, nicolae_vaults_little_squares_6,
          vaults_mumra_hexcomb, v_pattern_3, vaults_room_stairs_pillars,
          v_misc_11, nicolae_vaults_triangles, v_misc_17,
          nicolae_vaults_bisected_inception, v_misc_19, nicolae_vaults_alarming,
          v_rooms_4, v_misc_16, ontoclasm_vaults_ring_small,
          layout_vaults_omnibox, serial_shops, nicolae_shop_hallway_stairs
Vaults:2: hangedman_vaults_stitches, nicolae_vaults_network_quincunx
          [nicolae_vaults_network_quincunx_subvault,
          nicolae_vaults_network_quincunx_subvault,
          nicolae_vaults_network_quincunx_subvault,
          nicolae_vaults_network_quincunx_subvault,
          nicolae_vaults_network_quincunx_subvault],
          ontoclasm_vaults_loading_screen, hangedman_vaults_maws,
          st_greater_box_2, hangedman_vaults_pinch, hangedman_vaults_unwind,
          nicolae_vaults_border_crossing, vaults_room_large_hall,
          vaults_room_ringed_pool, vaults_room_stairs_pillars,
          layout_vaults_maze_bifur
Vaults:3: nicolae_vaults_big_ls, nicolae_vaults_lopsided_apartments, v_misc_29,
          hangedman_vaults_river_flow, hangedman_vaults_stretched_pinwheel,
          ontoclasm_vaults_pinch, vaults_room_pool,
          nicolae_vaults_ninety_degrees, v_misc_18, v_misc_15, serial_ice_b,
          vaults_room_hallway, layout_vaults_big_cross,
          minmay_crypt_entry_necro_gods, serial_shops, nicolae_square_shop,
          uniq_donald
Vaults:4: v_pattern_4, hangedman_vaults_stagger, hangedman_vaults_nails,
          nicolae_vaults_shelves_hall, ontoclasm_vaults_shuriken,
          hangedman_vaults_nails, v_misc_3, hangedman_vaults_nails,
          nicolae_vaults_little_squares_1, nicolae_vaults_little_squares_3,
          vaults_dpeg_hooks, layout_vaults_quadrants
Vaults:5: serial_shops

Skill      XL: |  1  2  3  4  5  6  7  8  9 10 11 12 13 14 15 16 17 18 19 20 21 |
---------------+----------------------------------------------------------------+-----
Dodging        | 3 5 9 12 13 14 16 21 | 21.0
Ice Magic      | 5 6 7 8 14 | 14.0
Stealth        | 4 5 7 8 12 | 12.7
Shields        | 1 3 5 6 10 12 13 16 | 16.7
Polearms       | 4 8 11 12 | 12.8
Summonings     | 6 |  6.0
Fighting       | 6 13 | 13.2
Evocations     | 5 10 | 10.5
Armour         | 2 5 |  5.2
Necromancy     | 2 6 7 |  7.6
Earth Magic    | 2 6 |  6.6
Transmutations | 3 9 11 | 11.8
Poison Magic   | 2 7 8 |  8.4
Spellcasting   | 6 7 |  7.0
Conjurations   | 7 |  7.5
Translocations | 2 |  2.3

Action                   |  1- 3 |  4- 6 |  7- 9 | 10-12 | 13-15 | 16-18 | 19-21 || total
-------------------------+-------+-------+-------+-------+-------+-------+-------++-------
Melee: Short sword       |     9 |       |       |       |       |       |       ||     9
       Unarmed           |     1 |       |       |       |       |       |       ||     1
       Dagger            |    54 |    93 |   199 |       |       |       |       ||   346
       Punch             |     2 |       |       |       |       |       |       ||     2
       Tailslap          |       |     2 |    23 |     1 |    24 |    72 |   103 ||   225
       Trident           |       |       |   201 |   634 |  1400 |  2092 |  1309 ||  5636
 Fire: Hunting sling     |       |    10 |     3 |       |       |       |       ||    13
Throw: Throwing net      |       |       |     1 |       |       |       |       ||     1
 Cast: Freeze            |    31 |     8 |    15 |     6 |     2 |    11 |       ||    73
       Frozen Ramparts   |     1 |     7 |    17 |    35 |    55 |    60 |    28 ||   203
       Ozocubu's Armour  |       |     3 |    18 |    28 |    57 |    61 |    35 ||   202
       Ensorcelled Hiber |       |     1 |     5 |       |       |     1 |       ||     7
       Summon Ice Beast  |       |       |       |     4 |    21 |     6 |     5 ||    36
       Borgnjor's Vile C |       |       |       |       |     7 |    65 |    51 ||   123
       Wereblood         |       |       |       |       |       |     5 |     8 ||    13
       Irradiate         |       |       |       |       |       |    10 |    21 ||    31
       Eringya's Noxious |       |       |       |       |       |     9 |    64 ||    73
       Blink             |       |       |       |       |       |       |     1 ||     1
Invok: Curse Item        |       |       |     1 |     6 |     2 |     2 |       ||    11
       Shatter the Chain |       |       |       |       |     1 |     1 |     1 ||     3
Evoke: Condenser vane    |       |       |       |     1 |     2 |     1 |     1 ||     5
       Wand              |       |       |       |       |    18 |     1 |     2 ||    21
       Piece from Xom's  |       |       |       |       |       |     8 |       ||     8
       Lightning rod     |       |       |       |       |       |       |     2 ||     2
  Use: Potion            |     1 |     3 |     2 |     4 |       |     2 |    11 ||    23
       Scroll            |     6 |     5 |     2 |    10 |     3 |     4 |     4 ||    34
 Stab: Sleeping          |     5 |    13 |    15 |    31 |    11 |    22 |    18 ||   115
       Distracted        |       |       |     2 |     5 |     6 |     3 |     5 ||    21
       Held in net/web   |       |       |     1 |       |       |       |       ||     1
       Paralysed         |       |       |       |       |     5 |       |       ||     5
       Petrified         |       |       |       |       |       |     8 |       ||     8
Armor: Robe              |     6 |     8 |       |       |       |       |       ||    14
       Troll leather arm |       |     4 |    45 |    36 |   141 |   199 |   149 ||   574
Dodge: Dodged            |    49 |    52 |   292 |   211 |   563 |  1287 |  1108 ||  3562
       Repelled          |       |       |       |       |     3 |    41 |     9 ||    53
Block: Buckler           |     2 |    42 |   278 |   202 |   597 |   673 |   379 ||  2173
       Reflection        |       |       |     1 |     4 |    32 |       |     8 ||    45
       Kite shield       |       |       |       |       |       |       |   284 ||   284

Table legend: (Time is in decaauts)
 A = Elapsed time spent in this place.
 B = Non-inter-level travel time spent in this place.
 C = Inter-level travel time spent in this place.
 D = Time resting spent in this place.
 E = Time spent auto-exploring this place.
 F = Levels seen in this place.
 G = Mean time per level.
                   A        B        C        D        E       F      G
               +--------+--------+--------+--------+--------+-----+--------+
         Total |  40108 |  37058 |   3050 |   3365 |  21414 |  41 |  978.2 |
       Dungeon |  16648 |  15129 |   1519 |   1907 |   9665 |  15 | 1109.9 |
        Temple |    356 |    290 |     66 |      0 |    289 |   1 |  356.0 |
          Lair |   5725 |   5117 |    608 |    188 |   3489 |   6 |  954.2 |
        Shoals |   2577 |   2494 |     83 |     88 |   1219 |   4 |  644.2 |
     Snake Pit |   3805 |   3586 |    219 |     74 |   2279 |   4 |  951.2 |
  Orcish Mines |   2077 |   1822 |    255 |    139 |    960 |   2 | 1038.5 |
        Vaults |   6262 |   5966 |    296 |    208 |   3208 |   5 | 1252.4 |
         Abyss |    627 |    627 |      0 |    304 |      0 |   1 |  627.0 |
         Sewer |    213 |    213 |      0 |      0 |    149 |   1 |  213.0 |
        Bailey |    967 |    967 |      0 |    238 |      0 |   1 |  967.0 |
      Ice Cave |    847 |    847 |      0 |    219 |    155 |   1 |  847.0 |
               +--------+--------+--------+--------+--------+-----+--------+

Top non-repeatable levels by time:
Vaults:3: 1921 daAuts
Vaults:4: 1695 daAuts
     D:7: 1644 daAuts
     D:1: 1637 daAuts
     D:3: 1498 daAuts
    D:11: 1443 daAuts
Vaults:2: 1412 daAuts
     D:6: 1377 daAuts
  Lair:6: 1260 daAuts
    D:14: 1182 daAuts
  Lair:2: 1177 daAuts
   Orc:2: 1167 daAuts
     D:9: 1158 daAuts
 Snake:4: 1081 daAuts
    D:13: 1053 daAuts
